 Dungeon Crawl Stone Soup version 0.28-a0-664-gc179e30c89 (webtiles) character file.

Game seed: 16238805389594392811

6141 kae the Martial Artist (level 10, -17/104 (105) HPs)
             Began as a White Draconian Transmuter on Oct 15, 2021.
             Was a Priest of Ru.
             Killed from afar by a hell hog (55 damage)
             ... with a fireball
             ... on level 2 of the Abyss.
             The game lasted 00:08:35 (11674 turns).

kae the Martial Artist (DrTm)                      Turns: 11674, Time: 00:08:36

HP:   -17/104 (105) AC:  7    Str: 12    XL:     10   Next: 59%
MP:   9/13          EV: 18    Int: 17    God:    Ru [***...]
Gold: 703           SH:  0    Dex: 12    Spells: 5/13 levels left

rFire   x . .      SeeInvis .     - Unarmed
rCold   + + +      Faith    .   (shield currently unavailable)
rNeg    . . .      Spirit   .   (armour unavailable)
rPois   +          Reflect  .   (helmet currently unavailable)
rElec   .          Harm     .   (cloak currently unavailable)
rCorr   .          Rampage  .   (gloves currently unavailable)
Will    .....                   (boots currently unavailable)
Stlth   ..........              r - amulet of regeneration
HPRegen 1.27/turn               e - +4 ring of evasion
MPRegen 0.13/turn               o - +4 ring of evasion

@: ice-form, lightly drained
A: freezing attack, amphibious, boosted hp, (breathe frost), AC +7, large,
unfitting armour, (cold resistance 1), (cold-blooded), no stealth, inability to
use devices
a: End Transformation, Renounce Religion, Draw Out Power


You were on level 2 of the Abyss.
You worshipped Ru.
Ru was most pleased with you.
You were a creature of crystalline ice.
You visited 2 branches of the dungeon, and saw 11 of its levels.
You visited the Abyss 1 time.
You also visited: Sewer.

You collected 703 gold pieces.

Inventory:

Armour
 g - a +2 hat (melded)
 l - a scarf of invisibility (melded)
 n - a +2 pair of boots (melded)
Jewellery
 e - a +4 ring of evasion (left front paw)
 f - a ring of flight
 i - a ring of see invisible
 o - a +4 ring of evasion (right front paw)
 r - an amulet of regeneration (around neck)
 t - a ring of resist corrosion
 u - an amulet of the acrobat
 w - a ring of positive energy
Scrolls
 d - 2 scrolls of magic mapping
 k - 2 scrolls of fear
 y - a scroll of enchant weapon
 B - a scroll of silence
Potions
 a - 2 potions of might
 b - 2 potions of mutation
 h - a potion of lignification
 j - 5 potions of flight
 q - a potion of curing
 s - a potion of heal wounds
 A - 2 potions of ambrosia


   Skills:
 + Level 7.9 Fighting
 + Level 3.5 Dodging
 * Level 10.9 Unarmed Combat
 - Level 2.0 Spellcasting
 + Level 7.5 Transmutations
 - Level 5.0 Ice Magic
 - Level 2.0 Poison Magic


You had 5 spell levels left.
You knew the following spells:

 Your Spells              Type           Power      Damage    Failure   Level
a - Beastly Appendage     Tmut           54%        N/A       1%          1
b - Spider Form           Tmut/Pois      8%         N/A       9%          3
c - Ice Form              Ice/Tmut       23%        N/A       14%         4

Your spell library contained the following spells:

 Spells                   Type           Power      Damage    Failure   Level
 Wereblood                Tmut           27%        N/A       1%          2
 Freeze                   Ice            72%        1d9       2%          1
 Frozen Ramparts          Ice            36%        1d5       8%          3
 Pain                     Necr           4%         1d4       19%         1
 Poisonous Vapours        Pois/Air       10%        N/A       19%         2
 Blink                    Tloc           N/A        N/A       28%         2
 Corpse Rot               Necr/Air       N/A        N/A       28%         2
 Call Canine Familiar     Summ           1%         N/A       50%         3
 Dazzling Flash           Conj/Hex       2%         N/A       50%         3
 Lesser Beckoning         Tloc           1%         N/A       50%         3
 Portal Projectile        Hex/Tloc       2%         N/A       50%         3
 Hailstorm                Conj/Ice       10%        3d5       56%         4
 Leda's Liquefaction      Hex/Erth       0%         N/A       88%         4
 Agony                    Necr           1%         N/A       99%         5
 Excruciating Wounds      Necr           0%         N/A       99%         5
 Manifold Assault         Tloc           1%         N/A       99%         5
 Silence                  Hex/Air        0%         N/A       99%         5
 Borgnjor's Revivificati  Necr           0%         N/A       100%        8
 Necromutation            Tmut/Necr      7%         N/A       100%        8
 Death's Door             Necr           0%         N/A       100%        9


Dungeon Overview and Level Annotations

Branches:
Dungeon (10/15)            Temple (1/1) D:6            Lair (0/6) D:9
  Sewer (visited)
    Orc: D:9-12

Altars:
Ashenzari
Cheibriados
Dithmenos
Elyvilon
Fedhas
Gozag
Hepliaklqana
Kikubaaqudgha
Makhleb
Nemelex Xobeh
Okawaru
Qazlal
Ru
Sif Muna
Trog
Uskayaw
Vehumet
Wu Jian
Xom
Yredelemnul
Zin
The Shining One

Annotations:
D:10 Sonja


Innate Abilities, Weirdness & Mutations

You are a creature of crystalline ice.
You have a powerful freezing melee attack.
You are amphibious.
Your maximum health is increased.
Your armour is entirely melded.
You are incapable of wielding weapons or throwing items.
((You can breathe waves of freezing cold which knock back foes.))
((Your icy white scales are hard. (AC +7)))
You cannot fit into any form of body armour.
((Your flesh is cold resistant. (rC+)))
((You are cold-blooded and may be slowed by cold attacks.))
You cannot be stealthy.
You cannot study or use magical devices.


Message History

No target in view!
No target in view!
No target in view!
You start resting.
HP restored.
Your transformation is almost over.
You start resting.
Magic restored.
Done exploring.
Done exploring.
You start waiting.
You warm up again.
Your scarf of invisibility unmelds from your body.
Your +2 hat unmelds from your body.
Your +2 pair of boots unmelds from your body.
You become transparent for a moment.
You start waiting.
Found 44 gold pieces.
Casting: Ice Form (dangerous; 14% risk of failure)
Confirm with . or Enter, or press ? or * to list all spells.
You turn into a creature of crystalline ice.
Your scarf of invisibility melds into your body.
Your +2 hat melds into your body.
Your +2 pair of boots melds into your body.
An ancient zyme comes into view.
You feel yourself growing ill in the presence of the ancient zyme.
A hell hog comes into view.
A hell hog comes into view.
The hell hog breathes fire at you.
The fireball explodes!
The fireball engulfs you!!! The fire burns you terribly!
Ouch! That really hurt!
You feel yourself growing ill in the presence of the ancient zyme.
You hear an angry squeal.
You hear a bark!
You hear an angry squeal.
Something shouts, "Embrace thy doom, thou warped hasty-witted boar-pig!"
You hear a bark! x4
The hell hog squeals angrily.
The hell hog breathes fire at you.
The fireball explodes!
The fireball engulfs you!!! The fire burns you terribly!
Ouch! That really hurt!
You die...

#. ## .. ..
.### . [#.# #
# . .## .#. #
..# ..###..#
#§§#..### #
#§Y##..#...
##.#....#
#....#
.h.....$§...#
.#..##xX§.#.#
##h .###...#
. .. .... .
... ......
...... .....


You could see a hell hog (catching breath), an ancient zyme and a large
abomination.

Vanquished Creatures
  A cyclops (D:10)
  Psyche (D:9)
  A kobold demonologist (D:9)
  A hornet (D:10)
  2 raiju (Abyss:2)
  6 yaks (D:8)
  3 steam dragons
  A water moccasin (D:7)
  2 orc warriors
  A necrophage (D:4)
  3 centaurs
  An ogre (D:3)
  7 kobold brigands
  2 bullfrogs
  2 small abominations (Abyss:2)
  2 gnoll sergeants
  A wyvern zombie (D:6)
  3 scorpions
  A water moccasin skeleton (D:4)
  7 killer bees (D:8)
  10 wights
  A crimson imp (D:3)
  3 centaur zombies
  A bullfrog zombie (D:6)
  2 orc priests (D:6)
  2 hounds
  3 jellies
  5 orc wizards
  An iguana (D:5)
  Natasha (thrice) (D:3)
  A hound zombie (D:5)
  A hound skeleton (D:5)
  A howler monkey zombie (D:8)
  6 gnolls
  4 adders
  3 white imps
  3 worms
  3 dart slugs
  19 orcs
  4 bats
  4 endoplasms
  2 giant cockroaches
  22 goblins
  9 hobgoblins
  5 jackals
  8 ball pythons
  A frilled lizard (D:1)
  32 kobolds
  15 rats
222 creatures vanquished.

Vanquished Creatures (others)
  2 kobolds
  2 plants (D:1)
  2 withered plants (D:1)
6 creatures vanquished.

Grand Total: 228 creatures vanquished

Notes
Turn   | Place    | Note
-------+----------+-------------------------------------------
     0 | D:1      | kae the Draconian Transmuter began the quest for the Orb.
     0 | D:1      | Reached XP level 1. HP: 16/16 MP: 3/3
   239 | D:1      | Reached XP level 2. HP: 21/23 MP: 3/5
   731 | D:1      | Reached XP level 3. HP: 28/29 MP: 4/6
   735 | D:1      | Learned a level 3 spell: Spider Form
   866 | D:1      | Found a faded altar of an unknown god.
  1497 | D:2      | Reached skill level 4 in Unarmed Combat
  1820 | D:3      | Reached XP level 4. HP: 35/37 MP: 5/7
  1954 | D:3      | Noticed Natasha
  1967 | D:3      | Killed Natasha
  2060 | D:3      | Noticed Natasha
  2071 | D:3      | Killed Natasha
  2072 | D:3      | Reached skill level 1 in Poison Magic
  2446 | D:3      | Found a radiant altar of Vehumet.
  2447 | D:3      | Found a burning altar of Makhleb.
  2462 | D:3      | Reached XP level 5. HP: 36/42 MP: 8/8
  2547 | D:3      | Noticed Natasha
  2554 | D:3      | Killed Natasha
  2659 | D:3      | Noticed an ogre
  2678 | D:3      | Killed an ogre
  2679 | D:3      | Reached skill level 5 in Unarmed Combat
  2679 | D:3      | Reached XP level 6. HP: 30/51 MP: 6/9
  4026 | D:4      | Reached skill level 6 in Unarmed Combat
  4026 | D:4      | Your scales start taking on an icy white colour.
  4026 | D:4      | Reached XP level 7. HP: 48/59 MP: 7/10
  4026 | D:4      | Gained mutation: Your flesh is cold resistant. (rC+) [White
                  | Draconian growth]
  4291 | D:4      | Found a sparkling altar of Nemelex Xobeh.
  4806 | D:4      | Learned a level 4 spell: Ice Form
  4826 | D:5      | Entered Level 5 of the Dungeon
  4874 | D:5      | Reached skill level 1 in Ice Magic
  5412 | D:5      | Found a hide-covered altar of Uskayaw.
  5413 | D:5      | Found a shimmering altar of Xom.
  5413 | D:5      | Found an iron altar of Okawaru.
  5421 | D:5      | Reached skill level 1 in Evocations
  5979 | D:6      | Found a glowing drain.
  5991 | Sewer    | Entered a sewer
  6140 | Sewer    | Found a white marble altar of Elyvilon.
  6211 | D:6      | Found a staircase to the Ecumenical Temple.
  6219 | D:6      | Noticed a steam dragon
  6231 | D:6      | Killed a steam dragon
  6232 | D:6      | Reached XP level 8. HP: 52/67 MP: 8/11
  6237 | Temple   | Entered the Ecumenical Temple
  6324 | Temple   | Became a worshipper of Ru the Awakened
  6479 | D:6      | Reached skill level 7 in Unarmed Combat
  6651 | D:6      | Found a hazy altar of Hepliaklqana.
  6851 | D:6      | Noticed a moth of wrath
  6855 | D:6      | Found a bloodstained altar of Trog.
  6893 | D:6      | Identified the +6 flail "Reops" {drain, Fragile Will+ Int+9
                  | Dex+2}
  7312 | D:7      | Reached skill level 5 in Fighting
  7557 | D:7      | Reached skill level 5 in Transmutations
  7651 | D:7      | Reached skill level 5 in Ice Magic
  8015 | D:7      | Gained mutation: You cannot be stealthy. [Ru sacrifice]
  8175 | D:7      | Reached skill level 8 in Unarmed Combat
  8175 | D:7      | Reached XP level 9. HP: 74/74 MP: 7/12
  9076 | D:8      | Reached skill level 9 in Unarmed Combat
  9593 | D:9      | Found a staircase to the Lair.
  9614 | D:9      | Noticed a kobold demonologist
  9634 | D:9      | Reached XP level 10. HP: 86/86 MP: 9/13
  9635 | D:9      | Noticed Psyche
  9638 | D:9      | Reached skill level 10 in Unarmed Combat
  9973 | D:9      | Killed Psyche
 10552 | D:9      | Gained mutation: You cannot study or use magical devices.
                  | [Ru sacrifice]
 10552 | D:9      | Reached * piety under Ru
 10552 | D:9      | Reached ** piety under Ru
 10552 | D:9      | Reached *** piety under Ru
 10787 | D:9      | Found a glowing golden altar of the Shining One.
 10894 | D:10     | Entered Level 10 of the Dungeon
 10895 | D:10     | Found a stormy altar of Qazlal.
 10914 | D:10     | Noticed a cyclops
 10934 | D:10     | Killed a cyclops
 11444 | D:10     | Noticed Sonja
 11466 | D:10     | Cast into level 2 of the Abyss (Sonja)
 11509 | Abyss:2  | Noticed a large abomination
 11511 | Abyss:2  | Found a radiant altar of Vehumet.
 11671 | Abyss:2  | Noticed a hell hog
 11672 | Abyss:2  | Noticed a hell hog
 11674 | Abyss:2  | Killed from afar by a hell hog

Illustrated notes

Levels and vault maps discovered:
D:1:      minmay_arrival_stone_box, layout_rooms,
          shapermc_ecumenical_altar_flowoftime, serial_rivers,
          chequers_serial_rivers_micro_b, chequers_serial_rivers_micro_d,
          chequers_serial_rivers_room_a, chequers_serial_rivers_micro_c,
          chequers_serial_rivers_micro_e, minmay_misc_feat_cross
D:2:      layout_basic, nrook_mini_backslash
D:3:      layout_basic, grunt_temple_overflow_lords_of_destruction,
          minmay_ogre_servants, uniq_natasha
D:4:      layout_loops_corners, nemelex_xobeh_ov_fountains_minmay
D:5:      layout_layer_cave, chequers_temple_overflow_statue_of_worship
D:6:      layout_rooms, tgw_trog, old_standard_altar,
          minmay_temple_entry_overgrown, cheibrodos_sewer_entry_drain,
          serial_co_window_serial, co_window_corner_a, co_window_paths_b,
          co_window_cross_1, co_window_paths_a, co_window_of_opportunity_a,
          co_window_2corner, co_window_unsneaky_path_a, co_window_2corner,
          co_window_corner_cb, co_window_of_opportunity_b, glass_columns_a,
          glass_columns_b, minivault_22
D:7:      layout_basic
D:8:      layout_gridville
D:9:      layout_basic, amcnicky_altar_gilded, lair_entry_dummy,
          kennysheep_small_square, uniq_psyche
D:10:     layout_grid_maze, nicolae_qazlal_general_emergency, uniq_maggie,
          uniq_sonja
Temple:   nicolae_temple_x_marks_the_god
Abyss:2:  base: D:9, bh_abyss_exit_spiral

Skill      XL: |  1  2  3  4  5  6  7  8  9 10 |
---------------+-------------------------------+-----
Fighting       | 2 3 4 5 7 |  7.9
Unarmed Combat | 4 5 6 8 9 10 | 10.9
Poison Magic   | 1 2 |  2.0
Transmutations | 3 4 5 6 7 |  7.5
Ice Magic      | 3 5 |  5.0
Evocations     | 1 3 0 |  0.0
Dodging        | 2 3 |  3.5
Spellcasting   | |  2.0

Action                   |  1- 3 |  4- 6 |  7- 9 | 10-12 || total
-------------------------+-------+-------+-------+-------++-------
Melee: Unarmed           |   122 |   118 |   354 |   111 ||   705
       Kick              |    19 |    10 |       |       ||    29
       Headbutt          |    13 |     5 |       |       ||    18
       Tailslap          |    12 |     4 |     8 |       ||    24
       Punch             |     2 |     1 |     1 |       ||     4
 Cast: Beastly Appendage |    26 |    13 |       |       ||    39
       Spider Form       |       |     7 |    26 |       ||    33
       Ice Form          |       |       |    16 |    15 ||    31
Invok: Sacrifice Stealth |       |       |     1 |       ||     1
       Draw Out Power    |       |       |       |     1 ||     1
       Sacrifice Artific |       |       |       |     1 ||     1
 Abil: Breathe Frost     |       |       |     2 |     3 ||     5
  Use: Scroll            |     2 |     2 |    12 |     4 ||    20
       Potion            |       |       |       |     1 ||     1
 Stab: Sleeping          |     1 |     1 |       |       ||     2
Armor: Skin              |    33 |    24 |    53 |    18 ||   128
Dodge: Dodged            |    83 |    74 |   349 |    87 ||   593

Table legend: (Time is in decaauts)
 A = Elapsed time spent in this place.
 B = Non-inter-level travel time spent in this place.
 C = Inter-level travel time spent in this place.
 D = Time resting spent in this place.
 E = Time spent auto-exploring this place.
 F = Levels seen in this place.
 G = Mean time per level.
                   A        B        C        D        E       F      G
               +--------+--------+--------+--------+--------+-----+--------+
         Total |  11625 |  11268 |    357 |    627 |   8853 |  13 |  894.2 |
       Dungeon |  11090 |  10759 |    331 |    526 |   8633 |  10 | 1109.0 |
        Temple |     96 |     70 |     26 |      0 |     62 |   1 |   96.0 |
         Abyss |    208 |    208 |      0 |    101 |      0 |   1 |  208.0 |
         Sewer |    230 |    230 |      0 |      0 |    158 |   1 |  230.0 |
               +--------+--------+--------+--------+--------+-----+--------+

Top non-repeatable levels by time:
     D:3: 1549 daAuts
     D:4: 1498 daAuts
     D:9: 1362 daAuts
     D:7: 1260 daAuts
     D:8: 1142 daAuts
     D:1: 1076 daAuts
     D:5: 1075 daAuts
     D:6: 870 daAuts
     D:2: 687 daAuts
    D:10: 566 daAuts
   Sewer: 230 daAuts
 Abyss:2: 208 daAuts
  Temple: 96 daAuts
